 Dungeon Crawl Stone Soup version 0.32-a0-975-g85d4e5bfdb (webtiles) character file.

Game seed: 15249048750495567863

6363 IdlyInterested the Slicer (level 10, -7/108 (109) HPs)
             Began as a Demonspawn Gladiator on Apr 18, 2024.
             Mangled by a wight
             ... wielding a +1 halberd of freezing
              (13 damage)
             ... on level 9 of the Dungeon.
             The game lasted 00:32:33 (7178 turns).

IdlyInterested the Slicer (Demonspawn Gladiator)    Turns: 7178, Time: 00:32:33

HP:   -7/108 (109)  AC: 25    Str: 17    XL:     10   Next: 65%
MP:   13/13         EV:  2    Int:  8    God:
Gold: 431           SH:  0    Dex: 26    Spells: 13/13 levels left

rFire   . . .        q - +5 dagger (speed)
rCold   . . .        (no shield)
rNeg    . . .        x - melded +2 leather armour {rPois}
rPois   +            C - melded +2 hat {SInv}
rElec   +            P - melded scarf {shadows}
rCorr   .            (gloves currently unavailable)
SInv    .            o - melded +0 pair of boots
Will    +....        L - amulet "Byic" {Acrobat rElec Dex+3}
Stlth   +++          g - ring of willpower
HPRegen 0.38/turn    A - +6 ring of dexterity
MPRegen 0.13/turn

%: acrobat
@: agile, tree-form, lightly drained
A: stationary, stasis, torment immunity, boosted hp, rugged brown scales 1,
powered by pain 2, demonic magic 1, (demonic touch 2)
a: Convert to Beogh


You were on level 9 of the Dungeon.
You were a tree.
You visited 2 branches of the dungeon, and saw 10 of its levels.

You collected 431 gold pieces.

Inventory:

Hand Weapons
 a - a +0 dagger of protection
 c - a +5 short sword
 h - the +0 hammer of Valour {freeze, rC+ Dex+3}
   (You found it on level 6 of the Dungeon)

   Dex+3:     It affects your dexterity (+3).
   rC+:       It protects you from cold.
 m - a +4 short sword
 q - a +5 dagger of speed (weapon)
 I - a +1 dagger of venom
 J - a +1 vampiric dagger
 S - a +5 short sword
 T - the +3 hammer "Usapizxu" {venom, rF+}
   (You took it off a wight on level 6 of the Dungeon)

   rF+:       It protects you from fire.
 Z - a +0 quick blade
Missiles
 d - 3 throwing nets
 e - a javelin
 f - 54 stones (quivered)
 G - 9 boomerangs
 H - 4 datura-tipped darts
Armour
 i - the +18 shield of the Gong {Loud rN+ Will+ rCorr EV-5}
   (You found it on level 7 of the Dungeon)

   Loud:      It is deafeningly noisy when blocking attacks.
   EV-5:      It affects your evasion (-5).
   rN+:       It protects you from negative energy.
   Will+:     It increases your willpower.
   rCorr:     It protects you from acid and corrosion.
 o - a +0 pair of boots (melded)
 x - a +2 leather armour of poison resistance (melded)
 C - a +2 hat of see invisible (melded)
 N - a +2 robe of willpower
 P - a scarf of shadows (melded)
 R - +0 steam dragon scales
 V - an orb of guile
Jewellery
 g - a ring of willpower (left branch)
 A - a +6 ring of dexterity (right branch)
 L - the amulet "Byic" (around neck) {Acrobat rElec Dex+3}
   (You found it on level 4 of the Dungeon)

   [amulet of the acrobat]

   Acrobat:   It increases your evasion while moving and waiting.
   Dex+3:     It affects your dexterity (+3).
   rElec:     It insulates you from electricity.
 W - an amulet of regeneration
Talismans
 u - a dragon-blood talisman
Wands
 t - a wand of flame (13)
 K - a wand of roots (5)
Scrolls
 b - a scroll of torment {unknown}
 l - 4 scrolls of teleportation
 n - 2 scrolls of fog
 s - a scroll of amnesia {unknown}
 v - a scroll of silence {unknown}
 w - a scroll of immolation {unknown}
 E - 2 scrolls of poison
 F - a scroll of blinking {unknown}
 O - a scroll of vulnerability
 X - a scroll of noise
Potions
 k - a potion of invisibility {unknown}
 p - 7 potions of curing
 r - a potion of mutation {unknown}
 z - 3 potions of brilliance
 B - 2 potions of magic
 D - a potion of degeneration {unknown}
 Y - a potion of ambrosia {unknown}


   Skills:
 - Level 4.0 Fighting
 * Level 11.8 Short Blades
 - Level 3.5 Axes
 - Level 3.1 Staves
 - Level 2.0 Throwing
 - Level 2.0 Armour
 - Level 4.0 Dodging
 - Level 2.0 Stealth
 - Level 2.0 Shields
 + Level 3.2 Unarmed Combat
 - Level 2.0 Spellcasting
 - Level 2.0 Evocations
 - Level 2.0 Shapeshifting


You had 13 spell levels left.
You didn't know any spells.
Your spell library contained the following spells:

 Spells                   Type           Power      Damage    Failure   Level
 Apportation              Tloc           0%         N/A       34%         1
 Kiss of Death            Conj/Necr      0%         2d5       34%         1
 Jinxbite                 Hex            0%         N/A       47%         2
 Call Canine Familiar     Summ           0%         N/A       71%         3
 Confusing Touch          Hex            0%         N/A       71%         3
 Sigil of Binding         Hex            0%         N/A       71%         3
 Dimensional Bullseye     Hex/Tloc       0%         N/A       98%         4
 Dispel Undead            Necr           0%         3d6       98%         4
 Alistair's Intoxication  Alch           0%         N/A       100%        5


Dungeon Overview and Level Annotations

Branches:
Dungeon (9/15)             Temple (1/1) D:7            Lair (0/5) D:9
    Orc (0/2) D:9

Altars:
Ashenzari
Cheibriados
Fedhas
Gozag
Hepliaklqana
Kikubaaqudgha
Makhleb
Nemelex Xobeh
Okawaru
Qazlal
Ru
Sif Muna
Trog
Uskayaw
Vehumet
Wu Jian
Xom
Yredelemnul


Innate Abilities, Weirdness & Mutations

You are a tree.
Your roots penetrate the ground, keeping you stationary.
You cannot be teleported.
You are immune to unholy pain and torment.
Your maximum health is greatly increased.
Your equipment is partially melded.
(You are partially covered in rugged brown scales. (AC +1, +3% HP))
You sometimes gain power by taking damage.
Spells you cast may paralyse adjacent enemies.
((Your touch may inflict irresistible damage on your foes.))


Message History

The orc priest shouts, "Surrender to Beogh and we'll let you live!"
You hit the orc warrior.
The orc warrior is almost dead.
The orc misses you. x2; The wight barely misses you.
The orc warrior misses you.
You barely miss the orc warrior.
The orc priest threatens, "Beogh's wrath is as vast as their mercy.
Make your choice!"
You touch the orc warrior.
You kill the orc warrior!
The warg bites you.
Unknown command.
You closely miss the orc priest.
The orc priest shouts, "Beogh offers mercy even to people such as you.
Join us and be reborn!"
You hit the orc priest.
The orc priest threatens, "Beogh's wrath is as vast as their mercy.
Make your choice!"
Your touch misses the orc priest.
The orc priest is moderately wounded.
The orc priest shouts, "Surrender to Beogh and we'll let you live!"
The warg bites you! The orc misses you.
The wight hits you from afar with a +1 halberd of freezing.
* * * LOW HITPOINT WARNING * * *
You feel drained.
* * * LOW HITPOINT WARNING * * *
The wight freezes you.
* * * LOW HITPOINT WARNING * * *
The orc priest mumbles some strange prayers to Beogh against you.
Beogh smites you!
* * * LOW HITPOINT WARNING * * *
The orc closely misses you.
You turn into a tree.
Your scarf of shadows melds into your body.
Your +2 hat of see invisible melds into your body.
Your +0 pair of boots melds into your body.
Your +2 leather armour of poison resistance melds into your body.
The dungeon's light returns to normal.
You feel less perceptive.
You no longer feel resistant to poison.
Your roots penetrate the ground.
The warg bites you.
* * * LOW HITPOINT WARNING * * *
The orc barely misses you.
The wight hits you from afar with a +1 halberd of freezing!
You die...

#..# ....
#..#...##...........
#..#...##...........
#..#................
#...................
#####.....##...........>
..........##...((go.....
.......#.)..$)..hoz.....
####.......)))..♣)....#
#..##...)##(.oo.....)
#.. #....##).........
#.. #................
#.. #...............#
#.. ###......!......#
#..............
###...####...## #..#


You could see a warg, a wight, an orc priest, a gnoll and 3 orcs.

Vanquished Creatures
  Gastronok (D:8)
  2 vault sentinels (D:7)
  Maggie (D:6)
  Sigmund (D:2)
  A steam dragon (D:6)
  Menkaure (D:7)
  A water moccasin (D:5)
  4 orc warriors
  2 ice beasts
  A sky beast (D:6)
  5 ogres
  A centaur (D:5)
  A phantom (D:5)
  A bullfrog (D:9)
  Blork the orc (D:5)
  A gnoll sergeant (D:8)
  A scorpion (D:7)
  17 wights
  3 killer bees (D:8)
  4 bombardier beetles
  5 hounds
  8 orc priests
  Crazy Yiuf (D:6)
  A jelly (D:6)
  3 iguanas
  2 sleepcaps
  15 orc wizards
  Robin (D:2)
  8 gnolls
  10 adders
  A white imp (D:7)
  4 ufetubi
  2 ribbon worms
  A dart slug (D:5)
  26 orcs
  5 endoplasms
  4 giant cockroaches
  14 goblins
  8 hobgoblins
  5 quokkas
  7 ball pythons
  4 bats
  A frilled lizard (D:3)
  8 kobolds
  2 rats (D:1)
196 creatures vanquished.

Notes
Turn   | Place    | Note
-------+----------+-------------------------------------------
     0 | D:1      | IdlyInterested the Demonspawn Gladiator began the quest for
                  | the Orb.
     0 | D:1      | Reached XP level 1. HP: 16/16 MP: 1/1
    87 | D:1      | Reached skill level 1 in Evocations
   112 | D:1      | Gained mutation: You are partially covered in rugged brown
                  | scales. (AC +1, +3% HP) [demonic ancestry]
   112 | D:1      | Reached XP level 2. HP: 9/22 MP: 2/2
   275 | D:1      | Reached skill level 1 in Stealth
   415 | D:1      | Reached skill level 1 in Armour
   415 | D:1      | Gained mutation: Your touch may inflict minor irresistible
                  | damage on your foes. [demonic ancestry]
   415 | D:1      | Reached XP level 3. HP: 27/27 MP: 3/3
   534 | D:2      | Noticed Robin
   568 | D:2      | Reached skill level 1 in Axes
   570 | D:2      | Killed Robin
   625 | D:2      | Noticed Sigmund
   633 | D:2      | Killed Sigmund
   634 | D:2      | Reached XP level 4. HP: 16/33 MP: 4/4
   634 | D:2      | Gained mutation: Spells you cast may paralyse adjacent
                  | enemies. [demonic ancestry]
   634 | D:2      | Reached XP level 5. HP: 19/39 MP: 5/5
  1345 | D:3      | Reached skill level 1 in Short Blades
  1359 | D:3      | Gained mutation: You sometimes gain a little power by
                  | taking damage. [demonic ancestry]
  1359 | D:3      | Reached XP level 6. HP: 45/45 MP: 6/6
  1998 | D:4      | Reached skill level 2 in Short Blades
  2146 | D:4      | Reached skill level 3 in Short Blades
  2146 | D:4      | Gained mutation: You sometimes gain power by taking damage.
                  | [demonic ancestry]
  2146 | D:4      | Reached XP level 7. HP: 10/51 MP: 7/7
  2735 | D:4      | Identified the amulet "Byic" {Acrobat rElec Dex+3}
  2788 | D:4      | Reached skill level 4 in Short Blades
  3244 | D:5      | Entered Level 5 of the Dungeon
  3456 | D:5      | Reached skill level 5 in Short Blades
  3459 | D:5      | Reached skill level 1 in Shapeshifting
  3489 | D:5      | Noticed Blork the orc
  3501 | D:5      | Killed Blork the orc
  3618 | D:5      | Reached XP level 8. HP: 57/57 MP: 8/8
  3876 | D:5      | Reached skill level 6 in Short Blades
  3993 | D:6      | Reached skill level 1 in Shields
  4087 | D:6      | Reached skill level 7 in Short Blades
  4094 | D:6      | Noticed Maggie
  4108 | D:6      | Killed Maggie
  4109 | D:6      | Reached skill level 1 in Spellcasting
  4266 | D:6      | Identified the +3 hammer "Usapizxu" {venom, rF+}
  4281 | D:6      | Gained mutation: Your touch may inflict irresistible damage
                  | on your foes. [demonic ancestry]
  4281 | D:6      | Reached XP level 9. HP: 42/62 MP: 10/12
  4302 | D:6      | Reached skill level 8 in Short Blades
  4468 | D:6      | Identified the +0 hammer of Valour {freeze, rC+ Dex+3}
  4473 | D:6      | Found a runed translucent door.
  4474 | D:6      | Noticed Crazy Yiuf
  4483 | D:6      | Killed Crazy Yiuf
  5177 | D:7      | Reached skill level 9 in Short Blades
  5401 | D:7      | Found a staircase to the Ecumenical Temple.
  5417 | Temple   | Entered the Ecumenical Temple
  5436 | D:7      | Noticed Menkaure
  5437 | D:7      | Noticed a vault sentinel
  5445 | D:7      | Killed Menkaure
  5446 | D:7      | Noticed a vault sentinel
  5467 | D:7      | Killed a vault sentinel
  5471 | D:7      | Killed a vault sentinel
  5472 | D:7      | Reached skill level 10 in Short Blades
  5480 | D:7      | Found the +18 shield of the Gong {Loud rN+ Will+ rCorr
                  | EV-5}
  6073 | D:8      | Reached XP level 10. HP: 72/73 MP: 13/13
  6229 | D:8      | Noticed Gastronok
  6248 | D:8      | Killed Gastronok
  6249 | D:8      | Reached skill level 11 in Short Blades
  6575 | D:8      | Found a hazy altar of Hepliaklqana.
  6583 | D:8      | Found a hide-covered altar of Uskayaw.
  6583 | D:8      | Found a shimmering altar of Xom.
  6583 | D:8      | Found a broken altar of Ashenzari.
  7064 | D:9      | Found a staircase to the Lair.
  7178 | D:9      | Mangled by a wight

Illustrated notes

Levels and vault maps discovered:
D:1:      saegor_arrival_miasma, layout_rooms
D:2:      layout_rooms, hangedman_decor_lopped, minmay_cupped, uniq_sigmund,
          uniq_robin
D:3:      layout_basic, minmay_misc_feat_x
D:4:      layout_basic, serial_curves, eino_curves_02, eino_curves_01,
          minmay_vboxes
D:5:      layout_gridville, uniq_blork_the_orc
D:6:      layout_basic, uniq_maggie, uniq_crazy_yiuf_cottage
D:7:      layout_loops_ring, minmay_temple_entry_offerings,
          hellmonk_guarded_unrand_gong, uniq_menkaure
D:8:      layout_basic, chequers_temple_overflow_statue_of_worship,
          hangedman_decor_slide_cut, chequers_serial_rivers_room_b,
          serial_library_hellmonk_small_alcove, uniq_gastronok
D:9:      layout_long_grid, amcnicky_altar_gilded, lair_entry_dummy, erik_orc_4,
          serial_shops, shop, kennysheep_generic_room_6
Temple:   sentei_temple_godly_chess

Skill      XL: |  1  2  3  4  5  6  7  8  9 10 |
---------------+-------------------------------+-----
Evocations     | 1 2 |  2.0
Stealth        | 1 2 |  2.0
Staves         | 3 |  3.1
Armour         | 1 2 |  2.0
Throwing       | 2 |  2.0
Axes           | 3 |  3.5
Unarmed Combat | 2 3 |  3.2
Short Blades   | 1 3 5 7 10 11 | 11.8
Shapeshifting  | 1 2 |  2.0
Shields        | 2 |  2.0
Spellcasting   | 2 |  2.0
Fighting       | 4 |  4.0
Dodging        | 3 4 |  4.0

Action                     |  1- 3 |  4- 6 |  7- 9 | 10-12 || total
---------------------------+-------+-------+-------+-------++-------
  Melee: Hand axe          |    47 |    90 |     6 |       ||   143
         Quarterstaff      |     4 |       |       |       ||     4
         Touch             |     5 |    13 |    69 |    41 ||   128
         Dagger            |       |       |   344 |   157 ||   501
  Throw: Dart              |       |       |    28 |     5 ||    33
         Boomerang         |       |       |     1 |       ||     1
         Stone             |       |       |       |     6 ||     6
         Throwing net      |       |       |       |     1 ||     1
  Evoke: Wand              |       |       |     1 |       ||     1
    Use: Scroll            |       |     5 |     6 |     2 ||    13
         Potion            |       |     3 |     5 |     2 ||    10
   Stab: Sleeping          |       |     2 |     4 |       ||     6
         Held in net/web   |       |       |       |     2 ||     2
         Distracted        |       |       |       |     1 ||     1
 Armour: Leather armour    |    30 |    61 |    97 |    38 ||   226
         Skin              |       |       |       |     2 ||     2
  Dodge: Dodged            |    28 |    59 |   129 |    76 ||   292

Table legend: (Time is in decaauts)
 A = Elapsed time spent in this place.
 B = Non-inter-level travel time spent in this place.
 C = Inter-level travel time spent in this place.
 D = Time resting spent in this place.
 E = Time spent auto-exploring this place.
 F = Levels seen in this place.
 G = Mean time per level.
                   A        B        C        D        E       F      G
               +--------+--------+--------+--------+--------+-----+--------+
         Total |   6889 |   6599 |    290 |   1168 |   3840 |  10 |  688.9 |
       Dungeon |   6887 |   6597 |    290 |   1168 |   3840 |   9 |  765.2 |
        Temple |      1 |      1 |      0 |      0 |      0 |   1 |    1.0 |
               +--------+--------+--------+--------+--------+-----+--------+

Top non-repeatable levels by time:
     D:4: 1273 daAuts
     D:8: 1073 daAuts
     D:6: 977 daAuts
     D:7: 823 daAuts
     D:3: 804 daAuts
     D:5: 683 daAuts
     D:2: 612 daAuts
     D:1: 557 daAuts
     D:9: 82 daAuts
  Temple: 1 daAuts
